 Dungeon Crawl Stone Soup version 0.30-a0-141-g30f27751c5 (webtiles) character file.

Game seed: 15612585580355575699

130 qw the Chopper (level 5, -19/32 HPs)
             Began as a Gargoyle Fighter on Sept 24, 2022.
             Demolished by an ogre
             ... wielding a +0 giant club
              (20 damage)
             ... on level 4 of the Dungeon.
             The game lasted 00:00:55 (2721 turns).

qw the Chopper (Gargoyle Fighter)                   Turns: 2721, Time: 00:00:56

Health: -19/32     AC: 19    Str: 21    XL:     5   Next: 13%
Magic:  5/5        EV:  5    Int:  9    God:
Gold:   71         SH:  4    Dex:  9    Spells: 4/4 levels left

rFire   . . .      SeeInvis .    Y - +0 war axe
rCold   . . .      Faith    .    c - +0 buckler
rNeg    + . .      Spirit   .    k - +4 plate armour
rPois   inf        Reflect  .    (no helmet)
rElec   +          Harm     .    (no cloak)
rCorr   .          Rampage  .    (no gloves)
Will    .....                    (no boots)
Stlth   ..........               f - amulet of the acrobat
HPRegen 0.10/turn                (no ring)
MPRegen 0.09/turn                (no ring)

@: no status effects
A: sickness immunity, AC +4, negative energy resistance 1, electricity
resistance, torment resistance 1, petrification resistance
a: no special abilities


You were on level 4 of the Dungeon.
You visited 1 branch of the dungeon, and saw 4 of its levels.

You collected 170 gold pieces.
You spent 99 gold pieces at shops.


Innate Abilities, Weirdness & Mutations

You are immune to sickness and miasma.
Your stone body is resilient. (AC +4)
You are immune to poison.
You resist negative energy. (rN+)
You are resistant to electric shocks. (rElec)
You are resistant to unholy torment.
You are immune to petrification.


   Skills:
 - Level 3.2 Fighting
 + Level 4.7 Axes
 - Level 3.2 Armour
 - Level 3.2 Shields


You had 4 spell levels left.
You didn't know any spells.
Your spell library was empty.

Inventory:

Hand Weapons
 g - a +0 whip
 Y - a +0 war axe (weapon)
Armour
 a - a +0 pair of gloves
 c - a +0 buckler (worn)
 k - a +4 plate armour (worn)
Jewellery
 f - an amulet of the acrobat (around neck)
Scrolls
 j - a scroll of identify
Potions
 d - a potion of might
 e - a potion of haste
 h - 3 potions of curing
 i - a potion of lignification
 l - a potion of flight {unknown}
 m - a potion of resistance {unknown}
 o - a potion of brilliance {unknown}

Dungeon Overview and Level Annotations

Branches:
Dungeon (4/15)
 Temple: D:4-7

Altars:
Ru
Vehumet

Shops:
D:2 !


Message History

Assign waypoint to what number? (0-9, D - delete waypoint) Waypoint 1 re-assigned from D:2 to D:4.
a - a +0 pair of gloves An endoplasm comes into view.
The endoplasm quivers.
You slash the endoplasm!
You kill the endoplasm!
You feel your willpower return.
A jackal comes into view.
The jackal barks!
You slash the jackal!
You kill the jackal!
An ogre comes into view. It is wielding a +0 giant club.
2712 ||| Stepping ~*~*~tactically~*~*~ (stealth).
2713 ||| Stepping ~*~*~tactically~*~*~ (stealth).
The ogre shouts!
You hit the ogre.
The ogre is lightly wounded.
The ogre barely misses you.
You hit the ogre.
The ogre is moderately wounded.
The ogre hits you with a +0 giant club.
You hit the ogre but do no damage.
The ogre is moderately wounded.
The ogre hits you but does no damage.
You hit the ogre.
The ogre is heavily wounded.
The ogre hits you with a +0 giant club!
You barely miss the ogre.
The ogre is heavily wounded.
The ogre hits you with a +0 giant club!!
Ouch! That really hurt!
You hit the ogre but do no damage.
The ogre is heavily wounded.
The ogre barely misses you.
You slash the ogre!
The ogre is severely wounded.
The ogre hits you with a +0 giant club!!
Ouch! That really hurt!
You die...

. ### .. #..###
.#.##.#..
........####
.....#.....##.###
#..............#
#.<..##########
####....#.@O..#
###.##.##%##
##.##.##.#
#..#..# .#
##.##.## #
#..#..# #.##.##
##.##.# #.....#


You could see an ogre.

Vanquished Creatures
  A statue (D:3)
  A gnoll (D:1)
  4 adders
  5 worms
  2 orcs (D:3)
  2 bats
  5 endoplasms
  3 giant cockroaches (D:1)
  A goblin (D:2)
  3 hobgoblins (D:1)
  A jackal (D:4)
  2 quokkas
  5 ball pythons
  5 frilled lizards
  5 kobolds
  5 rats
50 creatures vanquished.

Vanquished Creatures (others)
  A plant (D:1)
1 creature vanquished.

Grand Total: 51 creatures vanquished

Notes
Turn   | Place    | Note
-------+----------+-------------------------------------------
     0 | D:1      | qw the Gargoyle Fighter began the quest for the Orb.
     0 | D:1      | Reached XP level 1. HP: 14/14 MP: 1/1
     0 | D:1      | 0 ||| qw: Version: 0.1.0-9-gbc19398
     0 | D:1      | 0 ||| qw: Game counter: 69
     0 | D:1      | 0 ||| qw: Always use a shield: true
     0 | D:1      | 0 ||| qw: God list: Okawaru
     0 | D:1      | 0 ||| qw: Allow faded altars: false
     0 | D:1      | 0 ||| qw: Do Orc after D:15 true
     0 | D:1      | 0 ||| qw: Do second Lair branch before Depths: true
     0 | D:1      | 0 ||| qw: Lair rune preference: random
     0 | D:1      | 0 ||| qw: Plans: Normal, Zot:1-4, God:TSO, Crypt, Tomb,
                  | Pan, Slime:5, Hells, Abyss, Orb
     0 | D:1      | 0 ||| PLANNING D:1-11
    45 | D:1      | Reached skill level 2 in Axes
   147 | D:1      | 147 ||| Stepping ~*~*~tactically~*~*~ (stealth).
   330 | D:1      | Reached XP level 2. HP: 18/19 MP: 2/2
   712 | D:1      | 712 ||| Stepping ~*~*~tactically~*~*~ (stealth).
   715 | D:1      | Reached skill level 3 in Axes
   715 | D:1      | Reached XP level 3. HP: 20/23 MP: 3/3
   983 | D:1      | 983 ||| UPGRADING to amulet of the acrobat.
   988 | D:1      | 988 ||| READING scroll labelled WIASTU XICO.
   989 | D:1      | 989 ||| READING scroll labelled IHEJOZIO OPHYTY.
  1024 | D:2      | 1024 ||| STAIRDANCE
  1224 | D:2      | Reached XP level 4. HP: 24/28 MP: 4/4
  1300 | D:2      | Found Lepibb's Distillery.
  1311 | D:2      | 1311 ||| BUYING potion of curing (33 gold).
  1311 | D:2      | Bought a potion of curing for 33 gold pieces
  1311 | D:2      | 1311 ||| BUYING potion of curing (33 gold).
  1311 | D:2      | Bought a potion of curing for 33 gold pieces
  1311 | D:2      | 1311 ||| SHOPLISTING potion of heal wounds (55 gold, have
                  | 51).
  1311 | D:2      | 1311 ||| BUYING potion of lignification (33 gold).
  1311 | D:2      | Bought a potion of lignification for 33 gold pieces
  1311 | D:2      | 1311 ||| SHOPLISTING potion of resistance (110 gold, have
                  | 18).
  1564 | D:2      | Reached skill level 4 in Axes
  1736 | D:2      | Found a faded altar of an unknown god.
  1986 | D:2      | 1986 ||| UPGRADING to +4 plate armour.
  1996 | D:2      | 1996 ||| DROPPING +0 scale mail.
  1997 | D:2      | 1997 ||| DROPPING +6 ring of intelligence.
  1998 | D:2      | 1998 ||| READING scroll labelled CEMEAQI SUTYR.
  1999 | D:2      | 1999 ||| READING 2 scrolls of identify.
  1999 | D:2      | 1999 ||| IDENTIFYING amethyst potion
  2334 | D:3      | Found a sacrificial altar of Ru.
  2457 | D:3      | Found a radiant altar of Vehumet.
  2457 | D:3      | Noticed a frost-covered statue
  2466 | D:3      | Killed a frost-covered statue
  2467 | D:3      | Reached XP level 5. HP: 32/32 MP: 5/5
  2663 | D:3      | 2663 ||| READING scroll labelled WEMEPS TESUTHRU.
  2664 | D:3      | 2664 ||| READING scroll labelled UJEUTSICKU.
  2665 | D:3      | 2665 ||| READING scroll labelled QEDIPT DOYLISA.
  2711 | D:4      | Noticed an ogre
  2712 | D:4      | 2712 ||| Stepping ~*~*~tactically~*~*~ (stealth).
  2713 | D:4      | 2713 ||| Stepping ~*~*~tactically~*~*~ (stealth).
  2719 | D:4      | HP: 1/32 [ogre/+0 giant club (21)]
  2721 | D:4      | Demolished by an ogre

Levels and vault maps discovered:
D:1:      roderic_chinese_lattice_arrival, layout_loops_ring,
          nicolae_grassy_gnolls
D:2:      layout_basic, serial_shops, shop,
          hellmonk_ecumenical_altar_inner_sanctum
D:3:      layout_rooms, vehumet_statue, hangedman_ru_absence,
          kennysheep_generic_room_10
D:4:      minmay_angry_zag, layout_rooms, chequers_serial_rivers_large_a,
          uniq_grinder

Skill      XL: |  1  2  3  4 |
---------------+-------------+-----
Axes           | 2 3 4 |  4.7
Fighting       | |  3.2
Armour         | |  3.2
Shields        | |  3.2

Action                   |  1- 3 |  4- 6 || total
-------------------------+-------+-------++-------
Melee: War axe           |    84 |    79 ||   163
  Use: Scroll            |     2 |     5 ||     7
Armor: Scale mail        |    36 |     6 ||    42
       Plate armour      |       |    29 ||    29
Dodge: Dodged            |    38 |    11 ||    49
Block: Buckler           |    17 |     8 ||    25

Table legend:
 A = Non-vault XP
 B = Vault XP
 C = Vault XP percentage of total XP
 D = Non-vault monster count
 E = Vault monster count
 F = Vault count percentage of total count
                 A         B        C        D         E       F
            +---------+---------+-------+---------+---------+-------
      Total |     133 |      53 |  28.5 |      44 |       6 |  12.0
            +---------+---------+-------+---------+---------+-------
        D:1 |      40 |      14 |  25.9 |      18 |       1 |   5.3
        D:2 |      59 |       0 |   0.0 |      16 |       0 |   0.0
        D:3 |      34 |      35 |  50.7 |      10 |       3 |  23.1
        D:4 |       0 |       4 | 100.0 |       0 |       2 | 100.0
            +---------+---------+-------+---------+---------+-------
